 Dungeon Crawl Stone Soup version 0.31-a0-859-g9dce7d3444 (webtiles) character file.

Game seed: 17353463365770112528

149 Kurtz the Sneak (level 5, -3/49 HPs)
             Began as a Naga Delver on Oct 9, 2023.
             Slain by Grinder (4 damage)
             ... while paralysed by Grinder
             ... on level 3 of the Dungeon.
             The game lasted 00:03:15 (2319 turns).

Kurtz the Sneak (Naga Delver)                       Turns: 2319, Time: 00:03:16

Health: -3/49      AC:  4    Str: 15    XL:     5   Next: 31%
Magic:  5/5        EV:  1    Int: 10    God:
Gold:   182        SH:  0    Dex: 14    Spells: 4/4 levels left

rFire   . . .        a - +0 hand axe
rCold   . . .        (no shield)
rNeg    . . .        m - +0 scale mail
rPois   +            (no helmet)
rElec   .            (no cloak)
rCorr   .            (no gloves)
SInv    +            (no barding)
Will    .....        (no amulet)
Stlth   ++           (no ring)
HPRegen 0.28/turn    (no ring)
MPRegen 0.09/turn

%: no passive effects
@: paralysed, very slow
A: AC +1, large, see invisible, deformed body, poison resistance, slowness 2,
spit poison 1, naga tail 1
a: Spit Poison


You were on level 3 of the Dungeon.
You visited 1 branch of the dungeon, and saw 5 of its levels.

You collected 182 gold pieces.

Inventory:

Hand Weapons
 a - a +0 hand axe (weapon)
 s - a +0 battleaxe
Armour
 b - a +0 leather armour
 m - a +0 scale mail (worn)
Jewellery
 i - a ring of magical power
 p - an amulet of magic regeneration
Wands
 g - a wand of digging (3)
 l - a wand of charming (2) (quivered)
Scrolls
 c - a scroll of fog
 d - 2 scrolls of revelation
 e - a scroll of fear
 h - 4 scrolls of identify {unknown}
 k - a scroll of vulnerability {unknown}
 n - 2 scrolls of blinking {unknown}
 o - a scroll of poison {unknown}
Potions
 f - a potion of haste
 j - 2 potions of heal wounds {unknown}
 q - a potion of curing {unknown}
 r - a potion of might {unknown}


   Skills:
 - Level 3.0 Fighting
 * Level 5.3 Axes
 - Level 1.5 Dodging
 - Level 7.2 Stealth


You had 4 spell levels left.
You didn't know any spells.
Your spell library contained the following spells:

 Spells                   Type           Power      Damage    Failure   Level
 Summon Ice Beast         Ice/Summ       0%         N/A       100%        4
 Summon Mana Viper        Hex/Summ       0%         N/A       100%        5
 Monstrous Menagerie      Summ           0%         N/A       100%        7


Dungeon Overview and Level Annotations

Branches:
Dungeon (5/15)
 Temple: D:4-7

Altars:

Shops:
D:4 !   D:5 *

Annotations:
D:3 exclusion: orc wizard, Grinder


Innate Abilities, Weirdness & Mutations

Your serpentine skin is tough. (AC +1)
You have supernaturally acute eyesight. (SInv)
Armour fits poorly on your strangely shaped body.
Your system is resistant to poisons. (rPois)
You cover ground very slowly.
You can spit poison.
You have a snake-like lower body.


Message History

Aiming: Spit Poison (1% risk of failure)
Press: ? - help, Shift-Dir - straight line, f - Grinder
Aim: Grinder (54% to hit)
The splash of poison misses Grinder.
Unknown command.
Unknown command.
You hit Grinder but do no damage. Grinder hits you.
You writhe in agony.
You hit Grinder.
Grinder is lightly wounded.
You have got your breath back.
Grinder hits you but does no damage.
Unknown command.
You hit Grinder.
Grinder is lightly wounded.
Grinder blinks!
You barely miss Grinder.
Grinder is lightly wounded.
Grinder hits you but does no damage.
You hit Grinder.
Grinder is lightly wounded.
Grinder hits you but does no damage.
You hit Grinder but do no damage.
Grinder is lightly wounded.
Grinder hits you.
You hit Grinder.
Grinder is moderately wounded.
Grinder hits you.
* * * LOW HITPOINT WARNING * * *
You writhe in agony.
* * * LOW HITPOINT WARNING * * *
Unknown command.
You hit Grinder.
Grinder is moderately wounded.
Grinder gestures at you.
You suddenly lose the ability to move!
Grinder hits you!
* * * LOW HITPOINT WARNING * * *
You writhe in agony.
You die...
Grinder says, "Now the real fun starts!"

# +......##.... ###.
#......##.###
....##+#####......##.#
###................##.#
.................####.##
.......................#
#....................#
#....................#
#.....@..............#
#####5########.......#
#.# #..)....# #.#
#.......# #.. .........
#.. #.. #...


You could see Grinder.

Vanquished Creatures
  Jessica (D:3)
  A gnoll (D:2)
  5 adders
  3 worms
  6 ball pythons
  2 bats
  7 endoplasms
  A giant cockroach (D:2)
  6 goblins
  4 hobgoblins
  A quokka (D:1)
  3 frilled lizards
  5 kobolds
  11 rats
56 creatures vanquished.

Vanquished Creatures (others)
  2 gnolls (D:2)
  An adder (D:2)
  A ball python (D:2)
4 creatures vanquished.

Grand Total: 60 creatures vanquished

Notes
Turn   | Place    | Note
-------+----------+-------------------------------------------
     0 | D:5      | Kurtz the Naga Delver began the quest for the Orb.
     0 | D:5      | Reached XP level 1. HP: 21/21 MP: 1/1
    13 | D:5      | Noticed a steam dragon
    48 | D:4      | Found Zedyita's Distillery.
    68 | D:5      | Noticed a hound
    82 | D:5      | Found Taypnaunt's General Store.
    85 | D:5      | Noticed a phantom
   243 | D:3      | Reached XP level 2. HP: 21/28 MP: 2/2
   245 | D:3      | Noticed a black bear
   646 | D:1      | Reached XP level 3. HP: 33/34 MP: 3/3
   701 | D:1      | Found a faded altar of an unknown god.
  1299 | D:2      | Reached XP level 4. HP: 11/42 MP: 4/4
  1939 | D:3      | Reached skill level 5 in Axes
  1941 | D:3      | Reached XP level 5. HP: 33/49 MP: 5/5
  2063 | D:3      | Noticed Jessica
  2064 | D:3      | Killed Jessica
  2297 | D:3      | Noticed Grinder
  2306 | D:3      | Paralysed by Grinder for 3 turns
  2318 | D:3      | Paralysed by Grinder for 5 turns
  2319 | D:3      | HP: 1/49 [Grinder (7)]
  2319 | D:3      | Slain by Grinder

Illustrated notes

Levels and vault maps discovered:
D:1:      pf_arrival_petrified_forest, layout_basic,
          ebering_ecumenical_altar_hall, kennysheep_minor_cross,
          minmay_split_cup_large
D:2:      wander_river, layout_rooms
D:3:      layout_basic, feat_on_display, uniq_robin, uniq_crazy_yiuf_cottage,
          uniq_grinder, uniq_jessica
D:4:      layout_loops_corners, serial_shops, nicolae_take_the_stairs
D:5:      layout_loops_ring, temple_statues, serial_shops, shop,
          nicolae_wormholes

Skill      XL: |  1  2  3  4 |
---------------+-------------+-----
Axes           | 3 4 5 |  5.3
Fighting       | |  3.0
Dodging        | |  1.5
Stealth        | |  7.2

Action                     |  1- 3 |  4- 6 || total
---------------------------+-------+-------++-------
  Melee: Hand axe          |    72 |   127 ||   199
         Punch             |     2 |     1 ||     3
Ability: Spit Poison       |     2 |     2 ||     4
  Evoke: Wand              |     8 |       ||     8
   Stab: Sleeping          |     3 |     3 ||     6
         Distracted        |       |     1 ||     1
 Armour: Scale mail        |    79 |   102 ||   181
  Dodge: Dodged            |    32 |    48 ||    80

Table legend: (Time is in decaauts)
 A = Elapsed time spent in this place.
 B = Non-inter-level travel time spent in this place.
 C = Inter-level travel time spent in this place.
 D = Time resting spent in this place.
 E = Time spent auto-exploring this place.
 F = Levels seen in this place.
 G = Mean time per level.
                   A        B        C        D        E       F      G
               +--------+--------+--------+--------+--------+-----+--------+
         Total |   2949 |   2771 |    178 |    310 |   1792 |   5 |  589.8 |
       Dungeon |   2949 |   2771 |    178 |    310 |   1792 |   5 |  589.8 |
               +--------+--------+--------+--------+--------+-----+--------+

Top non-repeatable levels by time:
     D:1: 1176 daAuts
     D:2: 980 daAuts
     D:3: 473 daAuts
     D:5: 226 daAuts
     D:4: 92 daAuts
